 Dungeon Crawl Stone Soup version 0.27.1-33-g824d729ab1 (webtiles) character file.

Game seed: 13166422421329418518

8210 Anathary the Carver (level 11, -2/84 HPs)
             Began as a Minotaur Fighter on Dec 9, 2021.
             Was a Follower of Hepliaklqana.
             Killed from afar by Jorgrun (25 damage)
             ... with an iron shot
             ... on level 2 of the Orcish Mines.
             The game lasted 00:39:59 (11044 turns).

Anathary the Carver (Minotaur Fighter)             Turns: 11044, Time: 00:40:00

Health: -2/84      AC:  7    Str: 24    XL:     11   Next: 6%
Magic:  8/8        EV:  7    Int:  9    God:    Hepliaklqana [*.....]
Gold:   1558       SH: 11    Dex: 13    Spells: 10/10 levels left

rFire    . . .     SeeInvis .   b - +7 Screaming Sword {vorpal, sonic wave}
rCold    + . .     Faith    .   c - +0 kite shield
rNeg     . . .     Spirit   .   h - +0 chain mail
rPois    .         Reflect  .   (helmet unavailable)
rElec    .         Harm     .   (no cloak)
rCorr    +         Rampage  .   (no gloves)
Will     +....                  (no boots)
Stlth    ..........             (no amulet)
HPRegen  0.24/turn              i - ring of protection from cold
MPRegen  0.11/turn              s - ring "Wuxt" {Fly rCorr Int+4 Dex+3}

@: flying, studying Maces & Flails
A: reduced essence, horns 3, retaliatory headbutt, deformed body, low mp 1,
strong-willed 1, wild magic 1
a: Renounce Religion, Recall Ancestor, Ancestor Identity


You were on level 2 of the Orcish Mines.
You worshipped Hepliaklqana.
Hepliaklqana was aware of your devotion.
You visited 3 branches of the dungeon, and saw 12 of its levels.
You also visited: Sewer, Ossuary and Bailey.

You collected 1558 gold pieces.

Inventory:

Hand Weapons
 b - the +7 Screaming Sword (weapon) {vorpal, sonic wave}
   (You found it on level 4 of the Dungeon)

   It inflicts extra damage upon your enemies.
   It radiates damaging sonic waves as it strikes, especially in combat
   involving dangerous or numerous foes.
Armour
 c - a +0 kite shield (worn)
 h - a +0 chain mail (worn)
Jewellery
 i - a ring of protection from cold (left hand)
 l - a ring of willpower
 s - the ring "Wuxt" (right hand) {Fly rCorr Int+4 Dex+3}
   (You found it on level 7 of the Dungeon)

   [ring of flight]

   Int:       It affects your intelligence (+4).
   Dex:       It affects your dexterity (+3).
   Fly:       It grants you flight.
   rCorr:     It protects you from acid and corrosion.
Wands
 a - a wand of paralysis (7)
 t - a wand of mindburst (20)
 w - a wand of iceblast (9)
Scrolls
 e - 4 scrolls of teleportation
 f - a scroll of amnesia
 j - 2 scrolls of enchant weapon {unknown}
 k - 2 scrolls of identify
 m - a scroll of summoning
 u - 3 scrolls of magic mapping
 v - 3 scrolls of fog
Potions
 d - 3 potions of might
 g - 3 potions of curing
 n - 5 potions of heal wounds
 o - 2 potions of invisibility
 p - 5 potions of brilliance {unknown}
 q - 4 potions of lignification {unknown}
 r - 5 potions of flight {unknown}


   Skills:
 + Level 8.1 Fighting
 * Level 14.8 Long Blades
 + Level 9.6 Armour
 + Level 2.0 Dodging
 - Level 0.6 Stealth
 + Level 7.7 Shields


You had 10 spell levels left.
You didn't know any spells.
Your spell library contained the following spells:

 Spells                   Type           Power      Damage    Failure   Level
 Beastly Appendage        Tmut           0%         N/A       100%        1
 Shock                    Conj/Air       0%         1d3       100%        1
 Slow                     Hex            0%         N/A       100%        2
 Static Discharge         Conj/Air       0%         N/A       100%        2
 Wereblood                Tmut           0%         N/A       100%        2
 Confusing Touch          Hex            0%         N/A       100%        3
 Spider Form              Tmut/Pois      0%         N/A       100%        3
 Swiftness                Air            0%         N/A       100%        3
 Vampiric Draining        Necr           0%         2d6       100%        3
 Airstrike                Air            0%         N/A       100%        4
 Passage of Golubria      Tloc           N/A        N/A       100%        4
 Lightning Bolt           Conj/Air       0%         1d11      100%        5
 Silence                  Hex/Air        0%         N/A       100%        5
 Lehudib's Crystal Spear  Conj/Erth      0%         10d2      100%        8
 Maxwell's Capacitive Co  Air            0%         ∞         100%        8


Dungeon Overview and Level Annotations

Branches:
Dungeon (9/15)             Temple (1/1) D:4             Orc (2/2) D:9
  Sewer (visited)         Ossuary (visited)          Bailey (visited)
   Lair: D:8-11         Elf: Orc:2

Altars:
Ashenzari
Cheibriados
Dithmenos
Elyvilon
Fedhas
Gozag
Hepliaklqana
Kikubaaqudgha
Makhleb
Nemelex Xobeh
Okawaru
Qazlal
Ru
Sif Muna
Trog
Uskayaw
Vehumet
Wu Jian
Xom
Yredelemnul
Zin
The Shining One

Shops:
Orc:2 ?(

Annotations:
Orc:2 Jorgrun


Innate Abilities, Weirdness & Mutations

Your life essence is reduced to manifest your ancestor. (-10% HP)
You have a pair of large horns on your head.
You reflexively headbutt those who attack you in melee.
Armour fits poorly on your strangely shaped body.
Your magical capacity is low. (-10% MP)
You are strong-willed. (Will+)
Your spells are a little harder to cast, but a little more powerful.


Message History

The deep troll is almost dead.
You block the deep troll's attack. The deep troll barely misses you.
You hear a grinding noise.
You slice the deep troll!!
The Screaming Sword bellows, "BAPTISED IN BLOOD I AM!"
You send a blast of sound all around you.
The troll, the two-headed ogre and the orc are blasted.
The troll is severely wounded.
The two-headed ogre is heavily wounded.
You kill the orc!
You kill the deep troll!
You hear a shout! x5; You hear two shouts!
You hear a shout!
You hear a howl!
You hear a shout! x2; You hear two shouts!
You hear a shout! x3
You hear two shouts!
You hear a shout! x4; You hear two shouts!
You hear a shout! x18
An ogre comes into view. It is wielding a +0 giant spiked club.
Jorgrun Earthshaker comes into view.
He is wielding a +0 vorpal quarterstaff.
You have reached level 11!
Jorgrun casts a spell past you.
The wall shatters!
The blast of rock fragments hits you!!
An ogre comes into view. It is wielding a +0 giant spiked club.
An ogre comes into view. It is wielding a +0 giant spiked club.
The ogre shouts!
A troll comes into view.
Jorgrun casts a spell at you. You resist with some effort.
The troll bites you but does no damage. The troll barely misses you.
The troll claws you but does no damage.
You slash Jorgrun!
Jorgrun is lightly wounded.
The troll barely misses you. You furiously retaliate!
You headbutt the troll!
You riposte.
You slash the troll!
You kill the troll!
Jorgrun hits you with a +0 vorpal quarterstaff!!
* * * LOW HITPOINT WARNING * * *
x2 You block the ogre's attack.
You closely miss Jorgrun. Your headbutt misses Jorgrun.
Jorgrun is lightly wounded.
Jorgrun gestures at you while chanting. The iron shot hits you!!
You die...

#...#.................#.....
##..##.......#..............
#....###.................. .
##..# #...#..∩..........
#### ##...†...........
#....#).........
##.#O#......#.# ###OO..)..##
#.@O.....# #.g#.....#
#..O#..T.... ..#......#.....
....#.#....#.)....
..............##....
.............## ..T.
.......#..## ..O


You could see Jorgrun, a two-headed ogre, a troll and 4 ogres.

Vanquished Creatures
  2 two-headed ogres
  A deep troll (Orc:2)
  3 orc knights
  4 trolls
  A shadow (D:9)
  A wyvern (D:8)
  A steam dragon (D:8)
  3 water moccasins
  8 orc warriors
  A black bear (D:6)
  2 ice beasts
  4 ogres
  2 phantoms
  3 centaurs
  A bullfrog (D:6)
  A gnoll sergeant (D:9)
  A wyvern zombie (D:6)
  An elf skeleton (D:4)
  A scorpion (D:4)
  2 water moccasin zombies
  5 centaur zombies
  3 howler monkeys
  A bullfrog skeleton (D:6)
  3 human zombies
  2 gnoll shamans (D:6)
  3 orc priests
  2 hounds
  A jelly (D:6)
  Terence (D:3)
  3 human skeletons (D:4)
  2 iguanas (D:6)
  6 orc wizards
  A hound skeleton (D:4)
  4 mummies (Ossuary)
  9 gnolls
  3 river rats (D:3)
  2 adders
  A shadow imp (D:6)
  2 white imps
  An ufetubus (D:5)
  An adder zombie (D:5)
  A worm (D:3)
  2 dart slugs
  41 orcs
  A bat (D:3)
  7 endoplasms
  4 giant cockroaches
  7 goblins
  8 hobgoblins
  13 jackals
  29 kobolds
  4 quokkas
  6 ball pythons
  6 frilled lizards
  A hobgoblin zombie (Ossuary)
  A kobold zombie (Ossuary)
  An orc skeleton (D:4)
  3 orc zombies (Ossuary)
  8 rats
  A bush (D:1)
243 creatures vanquished.

Vanquished Creatures (others)
  An ancestor (Orc:2)
  30 plants
31 creatures vanquished.

Grand Total: 274 creatures vanquished

Notes
Turn   | Place    | Note
-------+----------+-------------------------------------------
     0 | D:1      | Anathary the Minotaur Fighter began the quest for the Orb.
     0 | D:1      | Reached XP level 1. HP: 19/19 MP: 0/0
   396 | D:1      | Reached XP level 2. HP: 27/27 MP: 1/1
   928 | D:1      | Reached XP level 3. HP: 26/33 MP: 2/2
  1541 | D:3      | Noticed Terence
  1551 | D:3      | Killed Terence
  1552 | D:3      | Reached skill level 3 in Long Blades
  1607 | D:3      | Reached XP level 4. HP: 40/40 MP: 3/3
  1798 | D:3      | Found a glowing drain.
  1832 | D:3      | Reached skill level 4 in Long Blades
  1833 | Sewer    | Entered a sewer
  2931 | D:3      | Reached XP level 5. HP: 43/46 MP: 4/4
  3091 | D:3      | Noticed an ice beast
  3113 | D:3      | Killed an ice beast
  3114 | D:3      | Reached skill level 5 in Long Blades
  3236 | D:3      | Noticed a phantom
  3254 | D:3      | Killed a phantom
  3255 | D:3      | Reached skill level 5 in Armour
  3255 | D:3      | Reached skill level 1 in Dodging
  3255 | D:3      | Reached skill level 5 in Shields
  3255 | D:3      | Reached XP level 6. HP: 33/53 MP: 5/5
  3549 | D:4      | Found the +7 Singing Sword {vorpal, sonic wave}
  3706 | D:4      | Found a sand-covered staircase.
  3711 | Ossuary  | Entered an ossuary
  3730 | Ossuary  | Reached skill level 6 in Long Blades
  3834 | Ossuary  | Reached XP level 7. HP: 60/60 MP: 6/6
  3991 | D:4      | Reached skill level 7 in Long Blades
  4215 | D:4      | You fall into a shaft and drop 1 floor!
  4215 | D:5      | Entered Level 5 of the Dungeon
  4239 | D:5      | Noticed a two-headed ogre
  4244 | D:5      | Killed a two-headed ogre
  4245 | D:5      | Reached skill level 5 in Fighting
  4245 | D:5      | Reached skill level 9 in Long Blades
  4245 | D:5      | Reached XP level 8. HP: 5/68 MP: 7/7
  4246 | D:5      | Reached skill level 10 in Long Blades
  4249 | D:5      | HP: 3/68 [water moccasin zombie (3)]
  4676 | D:4      | Found a staircase to the Ecumenical Temple.
  4699 | Temple   | Entered the Ecumenical Temple
  5037 | Temple   | Gained mutation: You have a pair of large horns on your
                  | head. [potion of mutation]
  5037 | Temple   | Gained mutation: Your magical capacity is low. (-10% MP)
                  | [potion of mutation]
  5079 | Temple   | Lost mutation: Your magical capacity is low. (-10% MP)
                  | [potion of mutation]
  5079 | Temple   | Lost mutation: You have a pair of large horns on your head.
                  | [potion of mutation]
  5079 | Temple   | Gained mutation: You evolve. [potion of mutation]
  5079 | Temple   | Gained mutation: You are occasionally teleported next to
                  | monsters. [potion of mutation]
  5079 | Temple   | Gained mutation: You expend magic power (3 MP) to
                  | strengthen your wands. [potion of mutation]
  5079 | Temple   | Lost mutation: You evolve. [evolution]
  5080 | Temple   | Lost mutation: You expend magic power (3 MP) to strengthen
                  | your wands. [potion of mutation]
  5080 | Temple   | Lost mutation: You are occasionally teleported next to
                  | monsters. [potion of mutation]
  5080 | Temple   | Gained mutation: Your magical capacity is low. (-10% MP)
                  | [potion of mutation]
  5080 | Temple   | Gained mutation: Armour fits poorly on your strangely
                  | shaped body. [potion of mutation]
  5080 | Temple   | Gained mutation: You have a pair of large horns on your
                  | head. [potion of mutation]
  5080 | Temple   | Gained mutation: Your spells are a little harder to cast,
                  | but a little more powerful. [potion of mutation]
  5081 | Temple   | Gained mutation: You are strong-willed. (Will+) [potion of
                  | mutation]
  5455 | D:5      | Found an opulent altar of Gozag.
  5964 | D:6      | Reached skill level 11 in Long Blades
  5964 | D:6      | Reached XP level 9. HP: 62/74 MP: 7/7
  6788 | D:7      | Identified the ring "Wuxt" {Fly rCorr Int+4 Dex+3}
  6922 | D:7      | Found a hazy altar of Hepliaklqana.
  6922 | D:7      | Found an ancient bone altar of Kikubaaqudgha.
  8170 | D:8      | Noticed a two-headed ogre
  8182 | D:8      | Killed a two-headed ogre
  8183 | D:8      | Reached skill level 12 in Long Blades
  8498 | D:7      | Found a white marble altar of Elyvilon.
  8498 | D:7      | Found a shadowy altar of Dithmenos.
  8501 | D:7      | Found a basalt altar of Yredelemnul.
  8506 | D:7      | Became a worshipper of Hepliaklqana the Forgotten
  9020 | D:8      | Reached XP level 10. HP: 84/84 MP: 8/8
  9098 | D:9      | Reached skill level 13 in Long Blades
  9100 | D:9      | Found a flagged portal.
  9114 | Bailey   | Entered a bailey
  9234 | Bailey   | Noticed an orc knight
  9239 | Bailey   | Killed an orc knight
  9239 | Bailey   | Noticed an orc knight
  9250 | Bailey   | Killed an orc knight
  9507 | D:9      | Found a staircase to the Orcish Mines.
 10230 | D:9      | Found an iron altar of Okawaru.
 10236 | D:9      | Found a burning altar of Makhleb.
 10237 | D:9      | Found a sparkling altar of Nemelex Xobeh.
 10239 | D:9      | Found a snail-covered altar of Cheibriados.
 10241 | D:9      | Found a bloodstained altar of Trog.
 10295 | Orc:1    | Entered Level 1 of the Orcish Mines
 10325 | Orc:1    | Reached skill level 14 in Long Blades
 10389 | Orc:1    | Noticed an orc knight
 10414 | Orc:1    | Killed an orc knight
 10525 | Orc:1    | Reached * piety under Hepliaklqana
 10974 | Orc:2    | Entered Level 2 of the Orcish Mines
 10975 | Orc:2    | Found Ydaerext's Magic Scroll Shop.
 11021 | Orc:2    | Noticed a deep troll
 11026 | Orc:2    | Found Tyudghan's Antique Weapon Shoppe.
 11026 | Orc:2    | Noticed a two-headed ogre
 11038 | Orc:2    | Killed a deep troll
 11038 | Orc:2    | Noticed Jorgrun
 11039 | Orc:2    | Reached XP level 11. HP: 67/84 MP: 8/8
 11044 | Orc:2    | Killed from afar by Jorgrun

Illustrated notes

Levels and vault maps discovered:
D:1:      wander_arrival_peaceful_grave, layout_basic,
          minmay_misc_feat_diagonals, lexackson_kobold_supper
D:2:      layout_rooms, corexii_leaking_fountain
D:3:      layout_basic, portal_sewer_entry_c, uniq_terence
D:4:      layout_loops_ring, minmay_temple_entry_tees,
          nicolae_ossuary_entry_catacombs, corexii_shack
D:5:      layout_basic, grunt_gozag_breadcrumbs, minmay_manual_monstrance
D:6:      layout_basic, st_stairs_9
D:7:      layout_layer_cave, nicolae_overflow_hidden_temple
D:8:      layout_loops_ring
D:9:      layout_cave_pools, minitemple, orc_0_dummy, enter_bailey_4
Temple:   grunt_temple_mini_profane
Orc:1:    layout_diamond_mine
Orc:2:    st_orc_open, layout_caves, serial_shops, shop, shop, uniq_jorgrun

Skill      XL: |  1  2  3  4  5  6  7  8  9 10 |
---------------+-------------------------------+-----
Shields        | 4 5 6 7 |  7.7
Fighting       | 4 5 6 8 |  8.1
Armour         | 4 5 6 8 9 |  9.6
Long Blades    | 3 4 5 6 9 11 12 14 | 14.8
Dodging        | 1 2 |  2.0
Stealth        | |  0.6

Action                   |  1- 3 |  4- 6 |  7- 9 | 10-12 || total
-------------------------+-------+-------+-------+-------++-------
Melee: Long sword        |   132 |   145 |       |       ||   277
       Headbutt          |    39 |    30 |    21 |    18 ||   108
       Double sword      |       |    25 |   113 |   108 ||   246
  Use: Scroll            |       |     7 |     5 |     1 ||    13
       Potion            |       |       |     4 |       ||     4
Armor: Scale mail        |    10 |       |       |       ||    10
       Chain mail        |    39 |    92 |    33 |    25 ||   189
Dodge: Dodged            |    17 |    46 |    28 |    24 ||   115
Block: Kite shield       |    46 |   110 |    46 |    60 ||   262
       Rpst.: Long sword |     4 |    12 |       |       ||    16
       Double sword      |       |       |     2 |     5 ||     7
